Zazza, lawful female dwarven Valkyrie ) * --- ---- . ( ..| .- ( ..| -.| . ( .| |.|)[ ` . ($ . |. $ + ) .| |.| )``|.- .| `` --.----- ```|.. .| ) ....-.. --..- -.| -..| ... H$ |.| |%----- ..| %|.| |.-..*|--- ----.-----.| ----.|$..|..|$ (|.)-.......| |....| (.|..|(((| |.......| ) ( | ----....-----|.--------....@{.| -.......................:.*.....| -----------+--------------------- Zazza the Skirmisher Experience level: 5 Strength: 18/01 Dexterity: 15 Constitution: 17 Intelligence: 8 Wisdom: 8 Charisma: 10 Health: 27(64) Energy: 9(9) Def: 11 Gold: 222 Moves: 2831 Dungeon seed: eY-FPoZjCpLeSDtv Game ID: Zazza_1527364319 Your Inventory: Coins $ - 222 gold pieces Weapons a - a +1 long sword (weapon in hand) b - a blessed +0 dagger o - 6 +0 orcish arrows u - a +0 flail x - a +0 dagger A - 8 -3 daggers B - 2 +0 darts F - a +0 orcish dagger G - a +0 scimitar Armor e - an uncursed +3 small shield (being worn) n - an uncursed +0 helm of telepathy (being worn) q - an uncursed +0 pair of low boots (being worn) y - an uncursed +0 chain mail (being worn) z - an uncursed +0 orcish helm C - an uncursed +0 dwarvish cloak D - a cursed -2 pair of iron shoes E - a cursed +0 small shield H - a cursed +0 dwarvish iron helm Potions d - a cursed potion of enlightenment Tools h - a magic marker (0:66) s - an uncursed blindfold w - an expensive camera (0:76) Gems r - 3 uncursed worthless pieces of orange glass v - an uncursed flint stone N - an uncursed fluorite stone Y - 10 uncursed rocks Spells and supernatural/magical abilities: Name Level Category Fail Memory W - pray for help -- divine ? -- Your skills at the end: Fighting Skills Weapon Skills dagger [Basic] long sword [Basic] Spellcasting Skills Final Attributes: You were piously aligned. You were cold resistant. You were hallucinating. You were telepathic. You had infravision. You were stealthy. You were very fast. You were very unlucky. Tyr was angry with you. You are dead. Vanquished creatures: a chickatrice a rock mole 3 elf zombies a kobold lord 3 hill orcs a giant bat a gas spore a hobbit a large kobold a giant rat a yellow mold 7 gnomes a garter snake a gnome zombie 2 jackals 2 foxes 3 goblins 2 grid bugs 2 lichens a kobold zombie 3 newts and a partridge in a pear tree 39 creatures vanquished. Voluntary challenges: You used a wielded weapon 31 times, starting on turn 63. You read items or engraved 1 time, starting on turn 2815. You never genocided any monsters. You never polymorphed an object. You never changed form. You used no wishes. You never split a pudding. You never wrote Elbereth's name. You never violated your personal moral code. Dungeon overview: The Dungeons of Doom: levels 1 to 4 Level 1 a fountain a long staircase Level 2 some fountains Level 3 Level 4 an armor shop, an altar to Loki, some fountains stairs to The Gnomish Mines The Gnomish Mines: levels 5 to 8 Level 5 stairs to The Dungeons of Doom Level 6 Level 7 Level 8 <- You were here a general store, a fountain History has recorded: On T:1 you entered the Dungeons of Doom to retrieve the Amulet of Yendor! On T:353 you advanced to experience level 2. On T:558 you reached level 2 of The Dungeons of Doom. On T:1035 you reached level 3 of The Dungeons of Doom. On T:1446 you reached level 4 of The Dungeons of Doom. On T:1649 you advanced to experience level 3. On T:2076 you reached level 1 of The Gnomish Mines. On T:2343 you reached level 2 of The Gnomish Mines. On T:2625 you reached level 3 of The Gnomish Mines. On T:2658 you advanced to experience level 4. On T:2679 you reached level 4 of The Gnomish Mines. On T:2830 you advanced to experience level 5. Score breakdown: Gold: 222 ( 7988 points) Experience: 5 levels (11141 points) Exploration: 8 levels ( 16.33%) (11456 points) Discoveries: 6 items ( 2.44%) ( 4685 points) Valuables value: (no points given unless you survive) Artifact value: 0 ( 0 points) Variety of kills: 21 monsters ( 5.51%) ( 7043 points) Turncount: 2831 turns ( -514 points) Survival: died (score multiplied by 80%) Total score: 33439 Latest messages: The snake swings his scimitar. The gnome lord misses. You miss the wraith. The mastodon swings his scimitar. The pyrolisk hits! You hit the white dragon! You miss the ice devil. You kill the killer bee! Welcome to experience level 4. There are a few objects here. G - a scimitar. H - a dwarvish iron helm. The master mind flayer misses. The manes touches you! You hit the sleazoid! You miss the kobold zombie. You kill the straw golem! Welcome to experience level 5. You see here a chickatrice corpse. Touching the chickatrice corpse is a fatal mistake... You turn to stone... Final status: Farvel Zazza the Valkyrie, petrified by picking up a chickatrice corpse... You turned to stone in The Gnomish Mines on dungeon level 8 with 33439 points, and 222 pieces of gold, after 2831 moves. You were level 5 with a maximum of 64 hit points when you turned to stone.